Map: Acid Plant LE

Players

Juxtapose - Winner!

  • Race: Zerg Zerg
  • League: Platinum
  • Spawn Location: 11:00

A.I. 1 (Hard)

  • Race: Zerg Zerg
  • Spawn Location: 5:00

VOD

https://youtu.be/BIk761sHE74

Description

Another match against the Hard Versus AI, I'd forgotten how poorly Zerglings and Banelings fair against Roaches, despite having used them against Zerg opponents in Ranked for so long.

I also toy with having separately hot-keyed Queens in this match for the purpose of using Creep Tumors, and I'm very pleased with my overall Creep spread.

Time

  • Played on: April 14, 2018, 4:07 p.m.
  • Length: 11:10
Show
View Real Time Build Order
Export as new Build Order

Juxtapose Zerg - Winner!

Build Orders: Hatch First 

Get SALT Encoding   

  12  0:01  Drone  
  13  0:14  Overlord  
  13  0:17  Drone  
  14  0:33  Drone x2  
  16  0:38  Overlord  
  16  0:59  Hatchery  
  16  1:00  Drone  
  16  1:07  Extractor  
  16  1:08  Drone  
  16  1:11  Drone  
  17  1:25  Spawning Pool  
  17  1:28  Drone  
  17  1:39  Drone  
  18  1:45  Drone  
  19  1:52  Drone  
  20  2:02  Drone  
  20  2:12  Drone  
  20  2:13  Drone  
  20  2:14  Metabolic Boost  
  22  2:16  Queen  
  24  2:29  Zergling x2  
  26  2:30  Zergling x2  
  26  2:31  Queen  
  28  2:43  Zergling x4  
  30  2:48  Baneling Nest  
  29  2:52  Extractor  
  28  2:59  Drone  
  28  3:00  Drone  
  30  3:06  Drone x3  
  33  3:13  Overlord  
  33  3:26  Queen  
  33  3:30  Queen  
  33  3:32  Overlord  
  37  3:38  Zergling x6  
  40  3:55  Baneling x3  
  40  4:02  Drone x3  
  43  4:03  Overlord  
  43  4:04  Zergling x4  
  45  4:31  Burrow  
  45  4:33  Lair  
  45  4:35  Zergling x8  
  49  4:40  Evolution Chamber  
  48  4:58  Baneling x3  
  48  5:05  Zerg Ground Armor Level 1  
  48  5:11  Overlord x2  
  48  5:12  Zergling x2  
  48  5:13  Zergling x6  
  47  5:24  Zergling x6  
  47  5:27  Drone x6  
  50  5:45  Extractor  
  50  5:48  Extractor  
  48  5:56  Zergling x2  
  48  5:57  Zergling x6  
  52  6:11  Hydralisk Den  
  51  6:19  Baneling x4  
  51  6:22  Centrifical Hooks  
  51  6:31  Overseer  
  51  6:32  Overseer x2  
  51  6:34  Drone x3  
  51  6:35  Drone x3  
  57  6:44  Hydralisk x5  
  67  6:50  Hydralisk  
  67  6:51  Overlord  
  69  6:58  Grooved Spines  
  69  7:08  Zerg Melee Weapons Level 1  
  69  7:10  Drone x2  
  71  7:36  Hydralisk x6  
  77  7:38  Overlord x2  
  77  7:39  Zergling x2  
  84  7:52  Lurker Den  
  83  8:21  Muscular Augments, Hydralisk  
  83  8:22  Hydralisk x4  
  83  8:25  Drone  
  95  8:27  Drone  
  95  8:31  Drone x5  
  100  8:34  Overlord  
  100  8:48  Unknown  
  90  8:51  Zergling x2  
  90  8:52  Zergling x10  
  92  9:17  Zergling x2  
  92  9:18  Zergling x8  
  97  9:37  Hatchery  
  96  9:42  Hatchery  
  88  10:25  Overlord x2  
  88  10:26  Overlord x3  
Show
View Real Time Build Order
Export as new Build Order

A.I. 1 (Hard) Zerg 

Build Orders: Pool First 

Get SALT Encoding   

  12  0:00  Drone  
  13  0:12  Overlord  
  13  0:17  Drone  
  14  0:30  Drone  
  14  0:32  Drone  
  16  0:42  Spawning Pool  
  15  0:44  Drone  
  15  0:49  Drone  
  17  0:51  Extractor  
  17  0:55  Drone  
  17  1:06  Overlord  
  17  1:29  Queen  
  17  1:31  Zergling x2  
  20  1:36  Roach Warren  
  20  1:37  Zergling x2  
  20  1:38  Drone  
  21  1:42  Extractor  
  20  1:49  Drone  
  21  1:59  Drone  
  22  2:17  Roach  
  24  2:23  Roach  
  26  2:31  Overlord  
  26  2:36  Roach  
  28  2:42  Roach  
  30  2:49  Drone  
  30  2:50  Roach  
  33  2:54  Overlord  
  33  3:05  Drone  
  34  3:08  Roach  
  34  3:12  Drone  
  37  3:13  Roach  
  37  3:16  Overlord  
  39  3:27  Drone  
  39  3:34  Baneling Nest  
  39  3:38  Drone, Evolution Chamber  
  39  3:40  Drone, Roach  
  42  3:45  Drone  
  43  3:50  Drone  
  44  4:00  Drone  
  45  4:11  Drone  
  46  4:21  Zergling x2  
  46  4:50  Zerg Melee Weapons Level 1, Lair  
  46  4:51  Overlord  
  46  4:52  Evolution Chamber  
  45  4:55  Drone  
  46  5:18  Zergling x2, Zerg Ground Armor Level 1  
  45  5:26  Roach  
  39  5:34  Roach  
  41  5:42  Roach  
  43  5:47  Overseer  
  43  5:48  Burrow  
  43  5:49  Spore Crawler  
  42  5:50  Roach, Overseer  
  42  5:54  Hydralisk Den  
  42  5:55  Drone, Spore Crawler  
  43  5:57  Drone  
  44  6:15  Infestation Pit  
  44  6:16  Drone  
  44  6:22  Hydralisk  
  44  6:24  Spine Crawler  
  45  6:26  Drone  
  45  6:28  Hatchery  
  45  6:30  Hydralisk  
  47  6:38  Hydralisk  
  49  6:45  Zerg Missile Weapons Level 1  
  49  6:46  Hydralisk  
  51  6:49  Drone  
  52  6:56  Spine Crawler  
  52  6:58  Drone  
  52  6:59  Queen  
  54  7:13  Spire  
  53  7:41  Drone, Queen  
  53  7:43  Drone, Spore Crawler  
  56  7:44  Drone, Spore Crawler  
  56  7:47  Spore Crawler  
  55  7:52  Drone  
  55  7:55  Drone  
  57  7:59  Drone  
  57  8:02  Drone  
  57  8:05  Drone  
  60  8:07  Drone  
  61  8:13  Overlord  
  61  8:16  Drone  
  61  8:18  Drone  
  63  8:21  Drone  
  63  8:23  Drone  
  63  8:26  Drone  
  66  8:28  Drone  
  66  8:31  Drone  
  68  8:34  Overlord  
  68  8:37  Drone  
  69  8:46  Hive  
  52  8:57  Corruptor  
  46  9:04  Overseer  
  46  9:07  Zergling x2  
  43  9:23  Overseer  
  38  9:25  Drone x3  
  38  9:30  Drone x3  
  34  9:33  Zergling x2  
  34  9:36  Drone x2  
  34  9:37  Drone  
  32  9:41  Drone  
  32  9:43  Corruptor  
  34  9:59  Overlord  
  29  10:09  Overlord x2  
  26  10:26  Drone  
  26  10:28  Corruptor  
  23  10:33  Drone  
  23  10:34  Overlord  
  21  10:36  Overlord  
  21  10:38  Drone x3  
  21  10:40  Drone  
  14  10:48  Drone  
  14  10:49  Drone  
  14  10:51  Drone  
  14  10:52  Drone  
  14  10:54  Drone  
  14  10:55  Drone  
Tags
 
Add a new tag
Caveats
  • Supply blocks, unpowered buildings, or Contaminate may cause inaccurate times.
  • Supply counts are checked every 10 seconds.